Map: Blackpink LE

Players

coldhand - Winner!

  • Race: Terran Terran
  • Spawn Location: 7:00

A.I. 1 (Easy)

  • Race: Protoss Protoss
  • Spawn Location: 1:00

VOD

Have the link to the VOD?

Description

Time

  • Played on: March 24, 2018, 3:17 a.m.
  • Length: 9:56
Show
View Real Time Build Order
Export as new Build Order

coldhand Terran - Winner!

Build Orders: Reaper Expand, MMM Bio 

Get SALT Encoding   

  12  0:01  SCV  
  13  0:14  SCV  
  14  0:19  Supply Depot  
  14  0:26  SCV  
  15  0:40  SCV  
  15  0:42  Barracks  
  16  0:46  Refinery  
  16  0:52  SCV  
  17  1:04  SCV  
  18  1:17  SCV  
  19  1:33  Supply Depot, Reaper, Orbital Command  
  20  1:48  Command Center  
  20  1:59  SCV  
  21  2:11  Barracks Reactor  
  21  2:16  SCV  
  21  2:20  Refinery  
  22  2:24  Factory  
  22  2:29  SCV  
  23  2:37  Supply Depot  
  23  2:41  SCV  
  24  2:53  SCV  
  25  2:59  Barracks Tech Lab  
  25  3:01  Command Center  
  26  3:05  SCV  
  26  3:06  Orbital Command  
  26  3:19  Stimpack  
  26  3:23  Hellion x2  
  30  3:33  Starport  
  30  3:37  SCV  
  30  3:38  SCV  
  32  3:44  Hellion  
  32  3:46  Hellion  
  36  3:50  SCV  
  36  3:53  Supply Depot  
  37  4:06  Engineering Bay  
  37  4:07  Engineering Bay  
  37  4:09  Marauder  
  39  4:11  Medivac  
  41  4:19  Hellion  
  41  4:20  Hellion  
  45  4:24  SCV x2  
  47  4:34  Marine  
  47  4:36  SCV, Orbital Command  
  49  4:44  Starport Reactor  
  49  4:53  SCV x2  
  49  4:57  Factory Tech Lab  
  51  5:01  SCV  
  51  5:05  SCV x2  
  54  5:14  SCV  
  55  5:17  Barracks x2  
  55  5:18  Terran Infantry Armor Level 1, Terran Infantry Weapons Level 1  
  55  5:19  Barracks  
  55  5:20  Combat Shields  
  55  5:21  Marine  
  56  5:22  Siege Tank  
  56  5:23  Medivac  
  61  5:31  SCV x2  
  61  5:32  SCV  
  64  5:36  Refinery  
  64  5:37  Refinery  
  64  5:40  Supply Depot  
  60  5:50  SCV  
  60  5:51  SCV x2  
  59  5:58  Siege Tank  
  59  6:00  Marauder  
  60  6:13  Barracks  
  60  6:14  Barracks  
  60  6:17  SCV x3, Supply Depot x2  
  63  6:34  Armory  
  63  6:36  Supply Depot x2  
  63  6:37  Supply Depot  
  63  6:39  SCV x2  
  65  6:49  Barracks Reactor  
  65  6:51  Barracks Tech Lab  
  65  6:52  Barracks Tech Lab  
  65  6:54  Medivac  
  65  6:55  Medivac  
  65  6:56  Marine  
  65  6:57  Orbital Command  
  70  7:04  Barracks Tech Lab x2  
  70  7:36  SCV x2  
  72  7:37  SCV  
  72  7:42  Marauder x5  
  72  7:43  Marine x2  
  84  7:47  Siege Tank  
  84  7:49  Medivac x2  
  91  7:53  Refinery x2  
  89  8:01  Marine x2  
  89  8:03  Marine x5  
  96  8:19  Marine x2  
  98  8:20  Marine  
  98  8:21  Marine x2, Marauder  
  98  8:22  Marauder  
  98  8:24  Thor  
  98  8:26  Medivac x2  
  115  8:31  Supply Depot  
  115  8:32  Supply Depot  
  115  8:33  SCV x2  
  118  8:34  SCV, Supply Depot  
  118  8:37  Marine x2  
  118  8:39  Marauder  
  118  8:40  Marine  
  118  8:41  Marine  
  124  8:42  Marine  
  125  8:52  Marine  
  125  8:54  Marine  
  125  8:55  Marine  
  128  8:58  Marine x2  
  128  9:00  Marine x2  
  132  9:10  Marine  
  132  9:12  Marine x2  
  132  9:16  Marine, Medivac x2  
  142  9:17  Marine x2  
  142  9:18  Marine  
  145  9:28  Marine  
  145  9:30  Marine x2  
  148  9:33  Marine  
Show
View Real Time Build Order
Export as new Build Order

A.I. 1 (Easy) Protoss 

Build Orders:  

Get SALT Encoding   

  12  0:00  Probe  
  13  0:13  Probe  
  14  0:20  Pylon  
  14  0:25  Probe  
  15  0:34  Probe  
  16  0:44  Assimilator  
  16  0:51  Gateway  
  16  0:53  Pylon  
  16  1:16  Assimilator  
  16  1:29  Zealot  
  18  1:40  Cybernetics Core  
  18  1:45  Probe  
  19  1:57  Pylon  
  19  1:58  Probe  
  20  2:06  Warp Gate, Probe  
  20  2:14  Probe  
  21  2:16  Adept  
  24  2:26  Probe  
  25  2:38  Probe  
  25  2:43  Adept  
  28  3:10  Stalker  
  30  5:17  Probe  
  30  5:20  Zealot  
  33  5:25  Pylon  
  33  5:26  Probe  
  32  5:34  Probe  
  34  5:44  Stalker  
  34  5:45  Pylon  
  34  5:46  Robotics Facility, Probe  
  31  6:07  Stalker  
  31  6:31  Sentry  
  33  6:33  Observer  
  34  6:42  Nexus  
  34  6:54  Zealot  
  34  6:55  Observer  
  37  7:18  Adept  
  39  7:41  Stalker  
  39  7:51  Immortal  
  39  7:54  Probe  
  39  7:56  Probe  
  39  7:58  Pylon  
  40  8:04  Probe  
  38  8:07  Probe  
  38  8:10  Zealot, Assimilator  
  30  8:14  Probe  
  30  8:19  Probe  
  28  8:26  Immortal  
  27  8:31  Probe  
  30  8:41  Stalker  
  30  8:43  Probe  
  25  8:55  Probe  
  23  8:58  Immortal  
  19  9:07  Probe  
  21  9:14  Zealot  
  20  9:19  Probe  
  16  9:31  Probe  
  11  9:45  Pylon  
Tags
 
Composition
MMM Bio
Matchup
PvT
Replay Pack
24 marzo
Spawn Locations
Cross Positions
Add a new tag
Caveats
  • Supply blocks, unpowered buildings, or Contaminate may cause inaccurate times.
  • Supply counts are checked every 10 seconds.